← All builds
Geo sea / Cortex / Economy first / OBSERVED BUILD

Standard geo sea

Cortex Geo sea build order · Supreme Isthmus

The role's default economy-first opening: bot lab then shipyard in the cove, early frigate and destroyer with a sub, taking geo on time before transitioning into a mixed navy for the rest of the game.

Usually shipyard in the cove (98%) · geo on time (83%)

#naval #eco · 1270 distinct matches · 170 players · 55% of Cortex Geo sea games · team won 54% of 1413 · Recently observed

HOW TO PLAY IT

Key timing: Bot Lab by 1:12, Shipyard by 3:17

  1. Open 3 mex into wind, then drop Bot Lab in cove.
  2. Finish Bot Lab, keep teching mex and wind.
  3. Get Shipyard up and start pumping subs and frigates.
  4. Eat the Bot Lab for metal once you have T1 units defending.
  5. Push out submarine, frigate, destroyer to contest sea.
  6. Bring geothermal online and transition toward T2 constructor.

Phase by phase

TYPICAL OF ITS 1270 GAMES · AGAINST STANDARD GEO SEA
  1. 1
  2. 2
  3. 3
  4. 4
PLAY THE OPENING

Follow the example game's first 6:00 step by step: what to build now, what comes next, and where it goes. At 1× it keeps pace with your own game.

  1. 1

    Up to the Bot Lab

    Economy
    • Metal Extractor3Mex
    • Wind Turbine3Wind
    • Wind Turbine2Windfor allies+2 vs standard
    Order
    1. Bot LabBot Lab after 3 mex, 3 winddone ~1:12, middle half 1:08–1:21

    By 0:55 in all: 3 mex · 3 wind

    The example game in this phase · 3 steps
    1. Mex ×3
    2. Wind ×3for Tech
    3. Bot LabBot Labdone 1:04 · typical 1:12
  2. 2

    Bot Lab to Shipyard

    Economy
    • Metal Extractor1Mex
    • Wind Turbine2Wind
    Order
    1. ShipyardShipyard after 4 mex, 4 wind, 1 energy storagedone ~3:19, middle half 3:02–3:38
    Builders
    • Graverobber3 Graverobber
    • Construction Bot3 Con bot
    Army
    • Grunt1 Grunt

    Some games also: con turret (47%) · trasher (40%) · energy storage (38%)

    By 2:54 in all: 4 mex · 4 wind · 1 energy storage

    The example game in this phase · 12 steps
    1. Windfor Tech
    2. GraverobberGraverobberfor Tech
    3. Wind ×2for Air
    4. Construction BotCon botfor Tech
    5. Windfor Air
    6. Construction BotCon botfor Tech
    7. Windfor Tech
    8. Construction BotCon botfor Tech
    9. Mex
    10. Construction BotCon bot
    11. GraverobberGraverobber ×2for Tech
    12. ShipyardShipyarddone 3:02 · typical 3:19
  3. 3

    Shipyard to 5:00

    Economy
    • Metal Extractor4Mex
    Order
    1. Bot LabEat Bot Lab
    Builders
    • Construction Ship1 Con ship
    Army
    • Guard1 Guard
    • Riptide2 Frigate
    • Orca1 Submarine
    • Herring1 Missile corvette
    Other
    • Radar Tower1 Radar Tower

    Some games also: wind (48%) · gunboat (44%) · destroyer (43%) · converter (40%) · con turret (31%)

    By 5:00 in all: 8 mex · 6 wind · 1 energy storage · 1 con turret

    The example game in this phase · 30 steps
    1. Mexfor Beach sea
    2. RiptideFrigatedone 3:21 · typical 4:46
    3. Con turret
    4. GuardGuard
    5. Bot LabEat Bot Labreclaimed for its metal
    6. Construction ShipCon ship
    7. Mexfor Beach sea
    8. Windfor Tech
    9. GuardGuard
    10. HerringMissile corvette
    11. Windfor Tech
    12. Mex
    13. Windfor Tech
    14. Dragon's TeethDragon's Teethfor Tech
    15. GuardGuardfor Tech
    16. Dragon's TeethDragon's Teethfor Tech
    17. RiptideFrigate
    18. Dragon's TeethDragon's Teeth ×2for Tech
    19. GuardGuard
    20. Dragon's TeethDragon's Teethfor Tech
    21. Windfor Tech
    22. Mex
    23. Dragon's TeethDragon's Teeth ×4for Tech
    24. Naval Radar / Sonar TowerNaval Radar / Sonar Tower
    25. Geothermal PowerplantGeofor Techdone 6:43 · typical 8:13
    26. Dragon's TeethDragon's Teethfor Tech
    27. OppressorDestroyerdone 6:04 · typical 5:58
    28. Dragon's TeethDragon's Teethfor Tech
    29. Wind
    30. Dragon's TeethDragon's Teeth ×4for Tech
  4. 4

    5:00 to 10:00

    Economy
    • Metal Extractor2Mex
    • Wind Turbine6Wind−8 vs standard
    • Energy Converter3Converter+3 vs standard
    Order
    1. Geothermal PowerplantGeo after 9 mex, 9 wind, 2 converterin 78% of games
    Builders
    • Construction Turret1 Con turret
    • Death Cavalry2 Death Cavalry
    • Construction Ship1 Con ship
    Army
    • Guard2 Guard
    • Riptide5 Frigate
    • Herring2 Missile corvette

    Some games also: Thistle (41%) · submarine (31%) · Urchin (30%)

    By 10:00 in all: 10 mex · 13 wind (standard 21) · 1 geo · 4 converter (standard 2) · 1 energy storage · 2 con turret

    The example game in this phase · 44 steps
    1. Dragon's TeethDragon's Teethfor Tech
    2. Wind
    3. Dragon's TeethDragon's Teeth ×5for Tech
    4. Wind
    5. Dragon's TeethDragon's Teethfor Tech
    6. Mex
    7. Dragon's TeethDragon's Teeth ×4for Tech
    8. Wind
    9. GuardGuard
    10. Dragon's TeethDragon's Teeth ×4for Tech
    11. Converter
    12. Dragon's TeethDragon's Teethfor Tech
    13. Wind
    14. Dragon's TeethDragon's Teethfor Tech
    15. RiptideFrigate
    16. Dragon's TeethDragon's Teeth ×3for Tech
    17. Dragon's TeethDragon's Teeth
    18. Converter
    19. Dragon's TeethDragon's Teeth
    20. HerringMissile corvette
    21. Dragon's TeethDragon's Teethfor Tech
    22. Converter
    23. Dragon's TeethDragon's Teethfor Tech
    24. OppressorDestroyer
    25. Dragon's TeethDragon's Teeth ×3for Tech
    26. Converterfor Tech
    27. Windfor Tech
    28. Advanced Metal ExtractorT2 mexfor Techdone 8:11 · typical 9:24
    29. Converter ×2for Tech
    30. Windfor Tech
    31. Converterfor Tech
    32. Construction ShipCon ship
    33. Windfor Tech
    34. HerringMissile corvette
    35. Windfor Tech
    36. OppressorDestroyer
    37. Advanced Metal ExtractorT2 mexfor Tech
    38. Windfor Tech
    39. OppressorDestroyer ×2
    40. Windfor Tech
    41. Construction ShipCon ship ×2
    42. HerringMissile corvette
    43. Advanced Metal ExtractorT2 mexfor Tech
    44. Windfor Tech

Counts are medians over the build's games: half of them build more, half fewer. The example game is kellanvad's (33 OS, 22/08/2026); pick another.

Team trades

IN AT LEAST 30% OF ITS GAMES

You hand over

  • Wind Turbine2 Wind to Airfirst at 1:41 · in 75% of games

You get

  • Finch1 Finch from Airfirst at 1:52 · in 83% of games
  • Hercules1 Light transport from Airfirst at 2:00 · in 77% of games
  • Advanced Construction Bot1 T2 con bot from Techfirst at 7:42 · in 90% of games

How it plays out

Typical game of this build, running totals by minute

Metal produced

010k20k30k
0:005:0010:0015:00

metal

Enemy metal destroyed

05k10k
0:005:0010:0015:00

metal

Own metal lost

02.5k5k7.5k
0:005:0010:0015:00

metal

1413 games.

Show as table
ByMetal produced: This buildEnemy metal destroyed: This buildOwn metal lost: This build
1:0039800
2:0092900
3:00155300
4:002865050
5:00405815052
6:005404465250
7:006875920551
8:0085571551910
9:001039924551343
10:001255235432041
11:001514246792801
12:001819060503692
13:002150672774461
14:002526386485371
15:002910799476381
WHAT THE NUMBERS SAY

This is the role's own baseline, winning a bit over half its games with steady eco scaling and sea trades roughly matching losses.

  • + Team wins slightly over half of games played.
  • + Metal production scales from ~4k to ~29.5k by 15:00.
  • − Own metal lost climbs to 6875 by 15:00, matching kills closely.
  • − T2 factory only reached in 40% of games, limiting late power.
THE EXAMPLE YOU ARE READING

kellanvad

32.9 OS · 22/08/2026

Open source match ↗

7 received units · includes a constructor
0 metal received · 3111 energy received

Allied construction assistance is unknown. Timings are observations, not a promise of solo reproducibility.

Typical milestones

Bot Lab1:12Middle 50%: 1:08–1:21 · n=1404
Shipyard3:19Middle 50%: 3:02–3:38 · n=1408
Orca4:20Middle 50%: 3:51–5:01 · n=918
Riptide4:46Middle 50%: 4:11–5:29 · n=1371
Oppressor5:58Middle 50%: 5:13–6:47 · n=1321
Geothermal Powerplant8:13Middle 50%: 7:13–9:26 · n=1346
Advanced Metal Extractor9:24Middle 50%: 8:48–10:21 · n=1244

Played most by

Elpoloow113games of this buildhihimik67games of this buildSHOGVN59games of this buildPRO_Rerory52games of this buildAlphacure50games of this build